 Dungeon Crawl Stone Soup version 0.32-a0-918-g0f22ef8d61 (webtiles) character file.

Game seed: 8921111709980743466

442 Domino the Chopper (level 6, -1/57 HPs)
             Began as a Minotaur Fighter on Apr 10, 2024.
             Slain by Duvessa
             ... wielding a +0 rapier
              (12 damage)
             ... on level 4 of the Dungeon.
             The game lasted 00:05:09 (3814 turns).

Domino the Chopper (Minotaur Fighter)               Turns: 3814, Time: 00:05:10

Health: -1/57      AC: 12    Str: 22    XL:     6   Next: 71%
Magic:  5/5        EV:  5    Int:  5    God:
Gold:   16         SH:  4    Dex: 10    Spells: 5/5 levels left

rFire   . . .        a - +0 war axe
rCold   . . .        c - +0 buckler
rNeg    . . .        h - +0 plate armour
rPois   .            (helmet restricted)
rElec   .            (no cloak)
rCorr   .            (no gloves)
SInv    .            r - +0 pair of boots
Will    +....        (no amulet) Stlth
                     e - ring of willpower
HPRegen 0.29/turn    (no ring)
MPRegen 0.09/turn

%: no passive effects
@: no status effects
A: horns 2, retaliatory headbutt
a: no special abilities


You were on level 4 of the Dungeon.
You visited 1 branch of the dungeon, and saw 4 of its levels.

You collected 221 gold pieces.
You spent 205 gold pieces at shops.

Inventory:

Hand Weapons
 a - a +0 war axe (weapon)
Missiles
 s - 6 boomerangs (quivered)
Armour
 c - a +0 buckler (worn)
 h - a +0 plate armour (worn)
   (You found it on level 1 of the Dungeon)
 r - a +0 pair of boots (worn)
   (You found it on level 3 of the Dungeon)
Jewellery
 e - a ring of willpower (left hand)
   (You found it on level 1 of the Dungeon)
Wands
 n - a wand of iceblast (11)
   (You found it on level 3 of the Dungeon)
 o - a wand of acid (9)
   (You took it off a kobold on level 3 of the Dungeon)
Scrolls
 b - a scroll of poison {unknown}
 f - 5 scrolls of identify
 g - a scroll of butterflies
 i - 2 scrolls of enchant weapon
 p - a scroll of teleportation {unknown}
 q - a scroll of fear {unknown}
Potions
 d - a potion of might
 j - a potion of curing
 k - a potion of heal wounds
 l - a potion of invisibility {unknown}
 m - a potion of brilliance {unknown}


   Skills:
 + Level 6.0 Fighting
 * Level 7.3 Axes
 - Level 3.6 Armour
 - Level 3.6 Shields


You had 5 spell levels left.
You didn't know any spells.
Your spell library contained the following spells:

 Spells                   Type           Power      Damage    Failure   Level
 Cigotuvi's Dreadful Rot  Necr/Alch/Air  0%         N/A       100%        2
 Animate Armour           Summ/Erth      0%         N/A       100%        4
 Dispel Undead            Necr           0%         3d6       100%        4
 Martyr's Knell           Necr/Summ      0%         N/A       100%        4
 Summon Lightning Spire   Summ/Air       0%         N/A       100%        4
 Lee's Rapid Deconstruct  Erth           0%         3d4*      100%        5


Dungeon Overview and Level Annotations

Branches:
Dungeon (4/15) Zot: 20135  Temple (0/1) D:4

Altars:

Shops:
D:2 ?[[!

Annotations:
D:4 Duvessa


Innate Abilities, Weirdness & Mutations

You have a pair of horns on your head.
You reflexively headbutt those who attack you in melee.


Message History

Duvessa is moderately wounded.
Duvessa hits you but does no damage. Duvessa completely misses you.
You hit Duvessa but do no damage. You headbutt Duvessa!
Duvessa is heavily wounded.
Duvessa hits you but does no damage. Duvessa hits you with a +0 rapier!
A goblin comes into view. It is wielding a +0 dagger.
You are too injured to fight recklessly!
You are too injured to fight recklessly!
You are too injured to fight recklessly!
You are too injured to fight recklessly!
You are too injured to fight recklessly!
You are too injured to fight recklessly!
You are too injured to fight recklessly!
You are too injured to fight recklessly!
You are too injured to fight recklessly!
You are too injured to fight recklessly!
You are too injured to fight recklessly!
You are too injured to fight recklessly!
You are too injured to fight recklessly!
You are too injured to fight recklessly!
You are too injured to fight recklessly!
You are too injured to fight recklessly!
You are too injured to fight recklessly!
Unknown command.
You closely miss Duvessa.
Duvessa is heavily wounded.
The goblin shouts!
Duvessa hits you with a +0 rapier!
* * * LOW HITPOINT WARNING * * *
Duvessa barely misses you.
You hit Duvessa.
Duvessa is heavily wounded.
Duvessa hits you with a +0 rapier!
* * * LOW HITPOINT WARNING * * *
You closely miss Duvessa.
Duvessa is heavily wounded.
Duvessa hits you with a +0 rapier.
* * * LOW HITPOINT WARNING * * *
Duvessa hits you with a +0 rapier!
You die...

##.##.≈≈≈≈≈~#.#.#
#.##...~...#...#
#.##.......#...#
##'##.......#...#
#...#.......#.#.#
..............#.#
....#########...# .
.......####...######....
.......'........@eg..>..
.......####...####......
......## ##..# ⌠.⌠.⌠
.....## ##.# .ß.ß #...##
#.# g.. ##'## #.# .. #.#
#.# . ##.#### #. #.....#


You could see Duvessa (berserk), a hobgoblin and a goblin.

Vanquished Creatures
  A phantom (D:4)
  A scorpion (D:3)
  Dowan (D:4)
  2 scorpion zombies (D:4)
  An iguana (D:4)
  An orc wizard (D:3)
  A hound zombie (D:4)
  2 howler monkey skeletons (D:4)
  Robin (D:2)
  3 adders
  An adder zombie (D:4)
  A ribbon worm (D:3)
  A dart slug (D:2)
  6 orcs (D:3)
  3 endoplasms
  3 giant cockroaches
  14 goblins
  10 hobgoblins
  9 kobolds
  3 quokkas
  6 ball pythons
  3 bats
  A frilled lizard (D:3)
  5 rats
80 creatures vanquished.

Notes
Turn   | Place    | Note
-------+----------+-------------------------------------------
     0 | D:1      | Domino the Minotaur Fighter began the quest for the Orb.
     0 | D:1      | Reached XP level 1. HP: 19/19 MP: 0/0
   164 | D:1      | Reached skill level 3 in Axes
   247 | D:1      | Reached XP level 2. HP: 27/27 MP: 1/1
   406 | D:1      | You fall into a shaft and drop 1 floor!
   479 | D:2      | Found Jalyan's Armour Shop.
   491 | D:2      | Identified the +1 ring mail of the Wonderful Mackerel {Harm
                  | +Blink rCorr Int+4}
   709 | D:1      | Reached XP level 3. HP: 32/33 MP: 2/2
   946 | D:2      | Noticed Robin
   955 | D:2      | Reached skill level 4 in Axes
   956 | D:2      | Killed Robin
  1419 | D:2      | Found Sukly's Distillery.
  1422 | D:2      | Bought a potion of degeneration for 13 gold pieces
  1422 | D:2      | Bought a potion of curing for 39 gold pieces
  1422 | D:2      | Bought a potion of heal wounds for 65 gold pieces
  1591 | D:2      | Found Byepucae's Antique Armour Shop.
  1634 | D:2      | Reached XP level 4. HP: 40/41 MP: 3/3
  1741 | D:2      | Found Oryannot's Magic Scroll Boutique.
  2147 | D:3      | Noticed a scorpion
  2163 | D:3      | Killed a scorpion
  2164 | D:3      | Reached skill level 5 in Fighting
  2164 | D:3      | Reached skill level 5 in Axes
  2164 | D:3      | Reached XP level 5. HP: 32/48 MP: 4/4
  2952 | D:2      | Bought a scroll of identify for 22 gold pieces
  2952 | D:2      | Bought a scroll of identify for 22 gold pieces
  2952 | D:2      | Bought a scroll of identify for 22 gold pieces
  2952 | D:2      | Bought a scroll of identify for 22 gold pieces
  3146 | D:4      | Noticed Duvessa
  3184 | D:4      | Noticed Dowan
  3230 | D:4      | Killed Dowan
  3231 | D:4      | Reached skill level 6 in Axes
  3470 | D:4      | Noticed a phantom
  3475 | D:4      | Reached XP level 6. HP: 56/56 MP: 5/5
  3754 | D:4      | Reached skill level 7 in Axes
  3803 | D:4      | Found a staircase to the Ecumenical Temple.
  3814 | D:4      | Slain by Duvessa

Illustrated notes

Levels and vault maps discovered:
D:1:      dpeg_arrival_pond, layout_basic
D:2:      minmay_wonky_spiral, layout_basic, serial_shops, shop,
          nicolae_shop_real_fake_doors, shop, shop, uniq_robin
D:3:      layout_rooms
D:4:      layout_loops_corners, minmay_temple_entry_drinking_statues,
          serial_undead, serial_undead_f, serial_undead_a, serial_undead_d,
          serial_undead_b, serial_undead_c, hangedman_abyss_or_decor_stagger,
          minmay_goblin_outpost, uniq_ijyb, uniq_menkaure, uniq_duvessa

Skill      XL: |  1  2  3  4  5  6 |
---------------+-------------------+-----
Axes           | 3 4 5 6 7 |  7.3
Fighting       | 4 5 6 |  6.0
Armour         | |  3.6
Shields        | |  3.6

Action                     |  1- 3 |  4- 6 || total
---------------------------+-------+-------++-------
  Melee: War axe           |    65 |   108 ||   173
         Headbutt          |     4 |    17 ||    21
    Use: Scroll            |     2 |     1 ||     3
 Armour: Scale mail        |    12 |       ||    12
         Plate armour      |    67 |   124 ||   191
  Dodge: Dodged            |    24 |    19 ||    43
  Block: Buckler           |    17 |    22 ||    39

Table legend: (Time is in decaauts)
 A = Elapsed time spent in this place.
 B = Non-inter-level travel time spent in this place.
 C = Inter-level travel time spent in this place.
 D = Time resting spent in this place.
 E = Time spent auto-exploring this place.
 F = Levels seen in this place.
 G = Mean time per level.
                   A        B        C        D        E       F      G
               +--------+--------+--------+--------+--------+-----+--------+
         Total |   3863 |   3585 |    278 |   1323 |   1678 |   4 |  965.8 |
       Dungeon |   3863 |   3585 |    278 |   1323 |   1678 |   4 |  965.8 |
               +--------+--------+--------+--------+--------+-----+--------+

Top non-repeatable levels by time:
     D:2: 1436 daAuts
     D:3: 925 daAuts
     D:4: 807 daAuts
     D:1: 693 daAuts
